 Dungeon Crawl Stone Soup version 0.30-a0-918-g0ff054e9dc (webtiles) character file.

Game seed: 11086295495664151190

4549 jasper the Grappler (level 10, -2/80 HPs)
             Began as a Demonspawn Wanderer on Mar 20, 2023.
             Was a Believer of Cheibriados.
             Slain by a green ugly thing (12 damage)
             ... on level 10 of the Dungeon.
             The game lasted 00:18:13 (9648 turns).

jasper the Grappler (Demonspawn Wanderer)           Turns: 9648, Time: 00:18:14

Health: -2/80      AC:  5    Str: 17    XL:     10   Next: 17%
Magic:  12/12      EV: 14    Int: 25    God:    Cheibriados [**....]
Gold:   480        SH:  5    Dex: 16    Spells: 5/12 levels left

rFire   . . .      SeeInvis .      - Unarmed
rCold   + . .      Faith    .    D - +0 buckler
rNeg    . . .      Spirit   .    d - +0 robe
rPois   .          Reflect  .    (helmet restricted)
rElec   .          Rampage  .    f - +2 cloak
rCorr   .                        (no gloves)
Will    .....                    (no boots)
Stlth   +                        E - amulet of the acrobat
HPRegen 0.33/turn                q - ring of protection from cold
MPRegen 0.13/turn                u - +4 ring of slaying

@: mighty, brilliant, hasted, slow
A: hooves 2, horns 2, foul stench 1, demonic magic 1
a: Renounce Religion, Bend Time


You were on level 10 of the Dungeon.
You worshipped Cheibriados.
Cheibriados was pleased with you.
You visited 2 branches of the dungeon, and saw 11 of its levels.

You collected 480 gold pieces.

Inventory:

Hand Weapons
 a - a +0 dagger
 e - a +3 spear
Missiles
 b - 44 poisoned darts
 h - 42 stones
 j - 9 boomerangs
 m - 6 atropa-tipped darts
Armour
 d - a +0 robe (worn)
 f - a +2 cloak (worn)
 k - a +5 chain mail
 D - a +0 buckler (worn)
Jewellery
 q - a ring of protection from cold (left hand)
 u - a +4 ring of slaying (right hand)
 y - a ring of flight
 E - an amulet of the acrobat (around neck)
Wands
 o - a wand of roots (8)
 z - a wand of polymorph (10)
 A - a wand of digging (2)
Scrolls
 c - 2 scrolls of fog
 s - a scroll of enchant armour
 C - 2 scrolls of identify
Potions
 g - 2 potions of cancellation
 l - 3 potions of mutation
 n - 3 potions of magic
 t - a potion of ambrosia


   Skills:
 + Level 8.3 Fighting
 - Level 1.0 Throwing
 - Level 1.7 Armour
 + Level 4.9 Dodging
 - Level 4.0 Shields
 * Level 9.1 Unarmed Combat
 - Level 1.5 Spellcasting
 - Level 1.0 Conjurations
 - Level 2.6 Fire Magic
 - Level 1.0 Poison Magic
 - Level 1.2 Invocations


You had 5 spell levels left.
You knew the following spells:

 Your Spells              Type           Power      Damage    Failure   Level
a - Foxfire               Conj/Fire      64%        2x1d7     7%          1
b - Ignite Poison         Fire/Tmut/Pois 12%        N/A       26%         3
c - Apportation           Tloc           4%         N/A       16%         1
d - Sublimation of Blood  Necr           2%         N/A       22%         2

Your spell library contained the following spells:

 Spells                   Type           Power      Damage    Failure   Level
 Shock                    Conj/Air       24%        1d4       12%         1
 Necrotise                Necr           8%         1d4       16%         1
 Poisonous Vapours        Pois/Air       12%        N/A       19%         2
 Cigotuvi's Dreadful Rot  Necr/Pois/Air  10%        N/A       21%         2
 Flame Wave               Conj/Fire      16%        2d7       56%         4
 Passage of Golubria      Tloc           2%         N/A       83%         4
 Petrify                  Tmut/Erth      2%         N/A       83%         4
 Irradiate                Conj/Tmut      3%         3d12      97%         5
 Alistair's Intoxication  Tmut/Pois      4%         N/A       98%         5
 Silence                  Hex/Air        1%         N/A       99%         5
 Lehudib's Crystal Spear  Conj/Erth      3%         10d2      100%        8
 Death's Door             Necr           1%         N/A       100%        9


Dungeon Overview and Level Annotations

Branches:
Dungeon (10/15)            Temple (1/1) D:6            Lair (0/5) D:9
    Orc (0/2) D:9

Altars:
Ashenzari
Cheibriados
Dithmenos
Gozag
Kikubaaqudgha
Makhleb
Nemelex Xobeh
Okawaru
Qazlal
Ru
Sif Muna
Trog
Uskayaw
Wu Jian
Xom

Annotations:
D:3 Grinder
D:4 exclusion: wyvern
D:5 1 exclusion, Prince Ribbit


Innate Abilities, Weirdness & Mutations

You have hoof-like feet.
You have a pair of horns on your head.
You may rarely emit foul miasma when damaged in melee.
Spells you cast may paralyse adjacent enemies.


Message History

The green ugly thing punches you! The killer bee closely misses you. x2
You take 6 damage, and have 32/80 hp.
You feel better. The killer bee stings you.
You are poisoned.
The killer bee poisons you! The killer bee stings you.
You regained 3 hp, and now have 35/80 hp.
It was a potion of might.
You feel very mighty all of a sudden.
You feel sick. The killer bee stings you. The killer bee closely misses you.
The green ugly thing barely misses you.
You take 5 damage, and have 30/80 hp.
It was a potion of brilliance.
You feel clever all of a sudden.
You feel sick. The killer bee stings you. x2
* * * LOW HITPOINT WARNING * * *
The killer bee stings you.
* * * LOW HITPOINT WARNING * * *
You block the killer bee's attack. The green ugly thing punches you!
* * * LOW HITPOINT WARNING * * *
You are lethally poisoned!
The green ugly thing poisons you!
You take 21 damage, and have 9/80 hp.
MASSIVE DAMAGE!!
You feel better. The killer bee stings you!
* * * LOW HITPOINT WARNING * * *
The killer bee misses you.
Casting: Foxfire (safe; 7% risk of failure)
Confirm with . or Enter, or press ? or * to list all spells.
Okay, then.
Unknown command.
You punch the green ugly thing! You kick the green ugly thing!
The green ugly thing is moderately wounded.
The killer bee completely misses you.
The killer bee stings you but does no damage.
You block the green ugly thing's attack.
You punch the green ugly thing! Your kick misses the green ugly thing.
You headbutt the green ugly thing!
The green ugly thing is severely wounded.
The killer bee barely misses you. The killer bee closely misses you.
The green ugly thing punches you!
You die...

######## ####+#####
#......####........#
#.........#........+
#......##.#y.......#
#......##.'y@......#
#....(.####u.......#
#.yy...# #.......$#
#......# #........#
#......# ####+#####
##.#####
######...####
#..y....y.....
u.y...####....


You could see a green ugly thing and 2 killer bees.

Vanquished Creatures
  Erica (D:9)
  A two-headed ogre (D:9)
  4 yaks (D:10)
  A wyvern (D:8)
  A steam dragon (D:7)
  2 water moccasins
  A sky beast (D:6)
  2 black bears
  2 orc warriors (D:8)
  An ogre (D:6)
  2 centaurs
  A kobold brigand (D:9)
  2 bullfrogs
  A scorpion (D:6)
  6 killer bees
  A howler monkey (D:9)
  An electric eel (D:9)
  A jelly (D:6)
  2 hounds
  A gnoll bouda (D:8)
  4 orc priests
  3 sleepcaps
  Ijyb (D:3)
  Jessica (D:3)
  3 iguanas
  Natasha (thrice) (D:2)
  8 orc wizards
  8 gnolls
  6 adders
  2 shadow imps
  A white imp (D:8)
  3 worms
  A dart slug (D:1)
  30 orcs
  6 endoplasms
  6 giant cockroaches
  5 goblins
  3 hobgoblins
  5 jackals
  3 quokkas
  8 ball pythons
  3 bats
  A frilled lizard (D:1)
  9 kobolds
  6 rats
163 creatures vanquished.

Vanquished Creatures (collateral kills)
  A killer bee (D:10)
1 creature vanquished.

Vanquished Creatures (others)
  A killer bee (D:10)
  254 foxfires
255 creatures vanquished.

Grand Total: 419 creatures vanquished

Notes
Turn   | Place    | Note
-------+----------+-------------------------------------------
     0 | D:1      | jasper the Demonspawn Wanderer began the quest for the Orb.
     0 | D:1      | jasper set off with the following items: a +0 dagger, 15
                  | poisoned darts, a scroll of fog, a +0 robe; and the
                  | following spell memorised: Foxfire; and the following
                  | spells available to memorise: Poisonous Vapours, Cigotuvi's
                  | Dreadful Rot, Ignite Poison, Flame Wave.
     0 | D:1      | Reached XP level 1. HP: 13/13 MP: 2/2
   195 | D:1      | Reached skill level 1 in Conjurations
   195 | D:1      | Discovered your monstrous ancestry.
   195 | D:1      | Gained mutation: You have a pair of small horns on your
                  | head. [demonic ancestry]
   195 | D:1      | Reached XP level 2. HP: 13/19 MP: 0/4
   511 | D:1      | Got the Compilation of Conjury and Nightshade
   751 | D:1      | Reached skill level 1 in Unarmed Combat
   795 | D:1      | Reached XP level 3. HP: 25/25 MP: 1/5
  1260 | D:2      | Reached skill level 1 in Fighting
  1475 | D:2      | Noticed Natasha
  1502 | D:2      | Killed Natasha
  1503 | D:2      | Reached skill level 2 in Unarmed Combat
  1503 | D:2      | Gained mutation: You may rarely emit foul miasma when
                  | damaged in melee. [demonic ancestry]
  1503 | D:2      | Reached XP level 4. HP: 17/33 MP: 0/6
  1631 | D:2      | Learned a level 3 spell: Ignite Poison
  1670 | D:2      | Noticed Natasha
  1677 | D:2      | Killed Natasha
  1741 | D:2      | Noticed Natasha
  1746 | D:2      | Killed Natasha
  2089 | D:3      | Gained mutation: You have a pair of horns on your head.
                  | [demonic ancestry]
  2089 | D:3      | Reached XP level 5. HP: 32/39 MP: 7/7
  2194 | D:3      | Noticed Ijyb
  2315 | D:3      | Noticed Jessica
  2330 | D:3      | Killed Jessica
  2337 | D:3      | Killed Ijyb
  2338 | D:3      | Reached skill level 3 in Unarmed Combat
  2493 | D:3      | Noticed Grinder
  2604 | D:4      | Noticed a black bear
  2611 | D:4      | Killed a black bear
  2612 | D:4      | Gained mutation: You have large cloven feet. [demonic
                  | ancestry]
  2612 | D:4      | Reached XP level 6. HP: 48/48 MP: 4/8
  2771 | D:4      | Noticed a wyvern
  3306 | D:5      | Entered Level 5 of the Dungeon
  3621 | D:5      | Reached skill level 4 in Unarmed Combat
  3624 | D:5      | Noticed Prince Ribbit
  4167 | D:5      | Gained mutation: Spells you cast may paralyse adjacent
                  | enemies. [demonic ancestry]
  4167 | D:5      | Reached XP level 7. HP: 55/55 MP: 9/9
  4429 | D:6      | Reached skill level 5 in Fighting
  4475 | D:6      | Reached skill level 5 in Unarmed Combat
  4993 | D:6      | Reached XP level 8. HP: 64/64 MP: 7/10
  5112 | D:6      | Found an opulent altar of Gozag.
  5300 | D:6      | Found a staircase to the Ecumenical Temple.
  5452 | Temple   | Entered the Ecumenical Temple
  5533 | Temple   | Became a worshipper of Cheibriados the Contemplative
  5630 | D:6      | Found a hide-covered altar of Uskayaw.
  5635 | D:6      | Found a sparkling altar of Nemelex Xobeh.
  5657 | D:6      | Reached skill level 6 in Unarmed Combat
  6528 | D:7      | Reached * piety under Cheibriados
  6854 | D:7      | Reached skill level 7 in Unarmed Combat
  7327 | D:8      | Reached XP level 9. HP: 50/72 MP: 11/11
  7811 | D:8      | Reached ** piety under Cheibriados
  7975 | D:8      | Reached skill level 8 in Unarmed Combat
  8688 | D:9      | Found a staircase to the Lair.
  8745 | D:9      | Noticed Erica
  8755 | D:9      | Killed Erica
  8994 | D:9      | Learned a level 1 spell: Apportation
  8997 | D:9      | Learned a level 2 spell: Sublimation of Blood
  9102 | D:9      | Found a staircase to the Orcish Mines.
  9212 | D:9      | Noticed a two-headed ogre
  9228 | D:9      | Killed a two-headed ogre
  9285 | D:10     | Entered Level 10 of the Dungeon
  9370 | D:10     | Gained mutation: You have hoof-like feet. [demonic
                  | ancestry]
  9370 | D:10     | Reached XP level 10. HP: 60/80 MP: 12/12
  9383 | D:10     | Reached skill level 9 in Unarmed Combat
  9587 | D:10     | Noticed a green ugly thing
  9648 | D:10     | Slain by a green ugly thing

Illustrated notes

Levels and vault maps discovered:
D:1:      dpeg_arrival_short_road, layout_rooms, nicolae_wormholes
D:2:      layout_loops_ring, uniq_natasha
D:3:      due_chaos_kobolds, layout_loops_cross, lightli_corner_chamber,
          uniq_grinder, uniq_ijyb, uniq_jessica
D:4:      layout_basic, mainiacjoe_overflow_paths
D:5:      nicolae_cairo_tiling_large, layout_loops_cross,
          nicolae_tso_swordbearing_angel,
          nicolae_hepliaklqana_monster_ancestors, grunt_ministairs_6,
          uniq_prince_ribbit1
D:6:      wad_pebble_path, layout_basic, mainiacjoe_overflow_big_doors,
          mainiacjoe_overflow_alcove_4, minmay_temple_entry_nine_rooms,
          abandoned_shop
D:7:      layout_gridville
D:8:      layout_basic, serial_corexii_hall, corexii_hall_statues_s,
          corexii_hall_statues_t
D:9:      layout_basic, lair_entry_dummy, orc_0_dummy, uniq_erica
D:10:     layout_roguey, gammafunk_ghost_abyssal_escape, st_stairs_6,
          minivault_7
Temple:   nicolae_temple_elliptical

Skill      XL: |  1  2  3  4  5  6  7  8  9 10 |
---------------+-------------------------------+-----
Conjurations   | 1 |  1.0
Unarmed Combat | 1 2 3 4 5 7 8 9 |  9.1
Fighting       | 1 2 3 4 6 7 8 |  8.3
Dodging        | 3 4 |  4.9
Shields        | 4 |  4.0
Throwing       | |  1.0
Armour         | |  1.7
Spellcasting   | |  1.5
Fire Magic     | |  2.6
Poison Magic   | |  1.0
Invocations    | |  1.2

Action                     |  1- 3 |  4- 6 |  7- 9 | 10-12 || total
---------------------------+-------+-------+-------+-------++-------
  Melee: Spear             |    48 |    77 |    75 |       ||   200
         Headbutt          |     4 |    13 |    50 |     3 ||    70
         Unarmed           |       |    18 |   133 |    18 ||   169
         Punch             |       |     3 |     6 |       ||     9
         Kick              |       |    17 |    70 |     5 ||    92
  Throw: Dart              |     1 |       |       |       ||     1
   Cast: Foxfire           |    53 |    45 |    73 |       ||   171
  Evoke: Wand              |       |     1 |     6 |     7 ||    14
    Use: Scroll            |     5 |     6 |     2 |     2 ||    15
         Potion            |       |     5 |     1 |     8 ||    14
   Stab: Sleeping          |     1 |     1 |       |       ||     2
         Paralysed         |       |       |    16 |       ||    16
 Armour: Robe              |     7 |    26 |    65 |     9 ||   107
         Skin              |       |     8 |       |       ||     8
  Dodge: Dodged            |    35 |    64 |   118 |    51 ||   268
  Block: Buckler           |       |       |     1 |    15 ||    16

Table legend: (Time is in decaauts)
 A = Elapsed time spent in this place.
 B = Non-inter-level travel time spent in this place.
 C = Inter-level travel time spent in this place.
 D = Time resting spent in this place.
 E = Time spent auto-exploring this place.
 F = Levels seen in this place.
 G = Mean time per level.
                   A        B        C        D        E       F      G
               +--------+--------+--------+--------+--------+-----+--------+
         Total |  10718 |   9881 |    837 |   1022 |   6673 |  11 |  974.4 |
       Dungeon |  10613 |   9799 |    814 |   1022 |   6603 |  10 | 1061.3 |
        Temple |    105 |     83 |     22 |      0 |     70 |   1 |  105.0 |
               +--------+--------+--------+--------+--------+-----+--------+

Top non-repeatable levels by time:
     D:8: 1903 daAuts
     D:6: 1607 daAuts
     D:7: 1243 daAuts
     D:9: 1100 daAuts
     D:2: 1079 daAuts
     D:5: 1034 daAuts
     D:1: 933 daAuts
     D:4: 744 daAuts
     D:3: 609 daAuts
    D:10: 357 daAuts
  Temple: 105 daAuts
